 Dungeon Sprint DCSS version 0.31-a0-339-gda1cbd555d (webtiles) character file.

Game seed: 13046548056812597950

43215 bmack86 the Hoplite (level 13, -7/148 HPs)
             Began as a Minotaur Fighter on July 20, 2023.
             Was an Initiate of Gozag.
             Killed from afar by an ancient champion (35 damage)
             ... with an entropic shot
             ... in the Dungeon (Sprint V: "Ziggurat Sprint") on July 21, 2023.
             The game lasted 00:27:36 (1157 turns).

bmack86 the Hoplite (Minotaur Fighter)              Turns: 1157, Time: 00:27:39

Health: -7/148     AC: 50    Str: 35    XL:     13   Next: 89%
Magic:  13/13      EV:  4    Int:  5    God:    Gozag
Gold:   3249       SH: 35    Dex: 10    Spells: 12/12 levels left

rFire   + . .        E - +16 obsidian axe {drain, demonic, Mesm Drain Fly SInv}
rCold   x . .        C - +18 shield of the Gong {Loud rN+ Will+ rCorr EV-5}
rNeg    + . .        D - +15 Maxwell's patent armour {-Cast -Tele rElec Will+ rCorr}
rPois   +            v - +3 crown of Dyrovepreva {rElec Int+2 SInv}
rElec   +            w - +2 cloak {Stlth+}
rCorr   +            I - +2 pair of gloves {Str+3}
SInv    +            O - +2 pair of boots {Fly}
Will    ++++.        K - amulet of Vitality {RegenMP++ Regen++} Stlth
                     U - ring "Ecveidghe" {Fire Will++ Stlth+}
HPRegen 2.04/turn    a - ring "Circhom" {rPois Str+6 Int-2 Stlth-}
MPRegen 0.93/turn

%: no teleportation, no spellcasting
@: gold aura, flying, mesmerised, studying 2 skills, bribing [the Dungeon],
unable to read
A: horns 2, retaliatory headbutt, high MP 1, inability to read after injury 1
a: Renounce Religion, Potion Petition, Call Merchant, Bribe Branch


You were in the Dungeon.
You worshipped Gozag.
Gozag was most pleased with you.
You visited 1 branch You collected 12249 gold pieces.
You paid 9000 gold pieces to Gozag.

Inventory:

Hand Weapons
 E - the +16 obsidian axe (weapon) {drain, demonic, Mesm Drain Fly SInv}
   (You found it in the Dungeon)

   Mesm:      Its wielder is mesmerised by any visible foes, and it cannot be
   unequipped while any foes are visible.
   SInv:      It lets you see invisible.
   Fly:       It grants you flight.
   Drain:     It drains your maximum health when unequipped.
Missiles
 z - 2 javelins (quivered)
Armour
 v - the +3 crown of Dyrovepreva (worn) {rElec Int+2 SInv}
   (You found it in the Dungeon)

   Int:       It affects your intelligence (+2).
   rElec:     It insulates you from electricity.
   SInv:      It lets you see invisible.
 w - a +2 cloak of stealth (worn)
 C - the +18 shield of the Gong (worn) {Loud rN+ Will+ rCorr EV-5}
   (You found it in the Dungeon)

   Loud:      It is deafeningly noisy when blocking attacks.
   EV:        It affects your evasion (-5).
   rN:        It protects you from negative energy.
   rCorr:     It protects you from acid and corrosion.
   Will:      It increases your willpower.
 D - the +15 Maxwell's patent armour (worn) {-Cast -Tele rElec Will+ rCorr}
   (You found it in the Dungeon)

   rElec:     It insulates you from electricity.
   -Cast:     It prevents spellcasting.
   -Tele:     It prevents most forms of teleportation.
   rCorr:     It protects you from acid and corrosion.
   Will:      It increases your willpower.
 I - a +2 pair of gloves of strength (worn)
 O - a +2 pair of boots of flying (worn)
 T - the +10 tower shield of Ignorance {rN+ Int-4}
   (You found it in the Dungeon)

   Int:       It affects your intelligence (-4).
   rN:        It protects you from negative energy.
Jewellery
 a - the ring "Circhom" (right hand) {rPois Str+6 Int-2 Stlth-}
   (You found it in the Dungeon)

   [ring of poison resistance]

   Str:       It affects your strength (+6).
   Int:       It affects your intelligence (-2).
   rPois:     It protects you from poison.
   Stlth:     It makes you less stealthy.
 c - a +4 ring of slaying
 n - a ring of willpower
 A - a +6 ring of strength
 F - the ring "Eheon" {Int+5 SInv Stlth+}
   (You found it in the Dungeon)

   [ring of see invisible]

   Int:       It affects your intelligence (+5).
   SInv:      It lets you see invisible.
   Stlth:     It makes you more stealthy.
 H - the ring "Marucw" {Wiz Dex+4}
   (You found it in the Dungeon)

   [ring of wizardry]

   It improves your spell success rate.
   Dex:       It affects your dexterity (+4).
 K - the amulet of Vitality (around neck) {RegenMP++ Regen++}
   (You found it in the Dungeon)

   [amulet of magic regeneration]

   It increases your rate of magic regeneration.
   Regen:     It increases your rate of health regeneration.
 M - the ring of Tumpoaxt {rPois Dex+2}
   (You found it in the Dungeon)

   [ring of poison resistance]

   Dex:       It affects your dexterity (+2).
   rPois:     It protects you from poison.
 Q - the ring of Ilifig {rCorr Str+3 Dex-5 Slay+2}
   (You took it off a merfolk siren in the Dungeon)

   [ring of resist corrosion]

   Str:       It affects your strength (+3).
   Dex:       It affects your dexterity (-5).
   Slay:      It affects your accuracy & damage with ranged weapons and melee
   (+2).
   rCorr:     It protects you from acid and corrosion.
 U - the ring "Ecveidghe" (left hand) {Fire Will++ Stlth+}
   (You found it in the Dungeon)

   [ring of fire]

   It enhances your fire magic.
   rF:        It protects you from fire.
   rC:        It makes you vulnerable to cold.
   Will:      It greatly increases your willpower.
   Stlth:     It makes you more stealthy.
Wands
 b - a wand of flame (14)
 s - a wand of mindburst (24)
 t - a wand of iceblast (31)
 u - a wand of acid (16)
 y - a wand of charming (3)
 J - a wand of digging (15)
 S - a wand of polymorph (4)
Scrolls
 j - 4 scrolls of blinking
 o - 4 scrolls of amnesia
 p - 6 scrolls of fog
 q - 5 scrolls of identify
 r - 2 scrolls of fear
 x - 3 scrolls of enchant armour
Potions
 d - 7 potions of might
 e - 10 potions of curing
 f - 7 potions of heal wounds
 g - 13 potions of haste
 h - 7 potions of magic
 i - 2 potions of berserk rage
 k - 2 potions of brilliance
 l - 2 potions of invisibility
 m - 3 potions of resistance


   Skills:
 + Level 23.1 Fighting
 + Level 20.1 Axes
 + Level 22.8 Armour
 - Level 6.6 Stealth
 * Level 26.0 Shields


You had 12 spell levels left.
You didn't know any spells.
Your spell library contained the following spells:

 Spells                   Type           Power      Damage    Failure   Level
 Apportation              Tloc           0%         N/A       85%         1
 Foxfire                  Conj/Fire      0%         2x1d4     85%         1
 Necrotise                Necr           0%         1d4       85%         1
 Summon Small Mammal      Summ           0%         N/A       85%         1
 Blink                    Tloc           0%         N/A       94%         2
 Call Canine Familiar     Summ           0%         N/A       99%         3
 Dazzling Flash           Conj/Hex       0%         N/A       99%         3
 Ignite Poison            Fire/Tmut/Pois 0%         N/A       99%         3
 Portal Projectile        Hex/Tloc       0%         N/A       99%         3
 Summon Guardian Golem    Hex/Summ       0%         N/A       99%         3
 Teleport Other           Tloc           0%         N/A       99%         3
 Vhi's Electric Charge    Tloc/Air       0%         N/A       99%         3
 Volatile Blastmotes      Fire/Tloc      0%         2d10      99%         3
 Anguish                  Hex/Necr       0%         N/A       100%        4
 Cause Fear               Hex            0%         N/A       100%        4
 Fulminant Prism          Conj/Hex       0%         3d5       100%        4
 Leda's Liquefaction      Hex/Erth       0%         N/A       100%        4
 Manifold Assault         Tloc           0%         N/A       100%        4
 Petrify                  Tmut/Erth      0%         N/A       100%        4
 Agony                    Necr           0%         N/A       100%        5
 Arcjolt                  Conj/Air       0%         1d10      100%        5
 Lee's Rapid Deconstruct  Erth           0%         3d4*      100%        5
 Metabolic Englaciation   Hex/Ice        0%         N/A       100%        5
 Summon Forest            Summ/Tloc      0%         N/A       100%        5
 Yara's Violent Unravell  Hex/Tmut       0%         3d3       100%        5
 Conjure Ball Lightning   Conj/Air       0%         3x3d6     100%        6
 Plasma Beam              Fire/Air       0%         2x1d10    100%        6
 Starburst                Conj/Fire      0%         6d3       100%        6
 Enfeeble                 Hex            0%         N/A       100%        7
 Haunt                    Necr/Summ      0%         N/A       100%        7
 Ozocubu's Refrigeration  Ice            0%         4d7       100%        7
 Borgnjor's Revivificati  Necr           0%         N/A       100%        8
 Discord                  Hex            0%         N/A       100%        8
 Disjunction              Tloc           0%         N/A       100%        8
 Maxwell's Capacitive Co  Air            0%         ∞         100%        8
 Animate Dead             Necr           Unusable   N/A       N/A         4
 Simulacrum               Ice/Necr       Unusable   N/A       N/A         6

Dungeon Overview and Level Annotations

Branches:
Dungeon (1/1)

Altars:
Ashenzari
Cheibriados
Dithmenos
Elyvilon
Fedhas
Gozag
Hepliaklqana
Kikubaaqudgha
Makhleb
Nemelex Xobeh
Okawaru
Qazlal
Ru
Sif Muna
Trog
Uskayaw
Vehumet
Wu Jian
Xom
Yredelemnul
Zin
The Shining One
Jiyva
Lugonu

Annotations:
D 1 transporter


Innate Abilities, Weirdness & Mutations

You have a pair of horns on your head.
You reflexively headbutt those who attack you in melee.
You have an increased reservoir of magic. (+10% MP)
You occasionally lose the ability to read scrolls when taking damage.


Message History

You block the ancient champion's attack.
GONNNNG!
Your orange demon stings the ancient champion.
Your orange demon hits the ancient champion but does no damage.
Your hellwing hits the iron golem but does no damage. x2
Your Shields skill increases to level 26!
You slash the ancient champion!
You headbutt the ancient champion, but do no damage.
The ancient champion is heavily damaged.
The ancient champion is no longer distracted by gold.
The iron golem is no longer distracted by gold.
The ancient champion hits you but does no damage.
You partially resist.
The ancient champion is distracted by your dazzling golden aura.
Your orange demon stings the ancient champion but does no damage.
Your orange demon hits the ancient champion but does no damage.
You slice the ancient champion!!
You headbutt the ancient champion, but do no damage.
The ancient champion is severely damaged.
You block the ancient champion's attack.
GONNNNG!
Your hellwing hits the iron golem but does no damage.
Your hellwing hits the iron golem.
The iron golem barely misses your hellwing.
The iron golem hits your hellwing!!
You hit the ancient champion.
The ancient champion is severely damaged.
You slice the ancient champion!!
Visions of slaying the ancient champion flood into your mind.
The tormentor is no longer distracted by gold.
The ancient champion gestures at you while chanting.
You block the entropic shot.
BONNNG!
Your orange demon stings the ancient champion but does no damage.
Your orange demon completely misses the ancient champion.
Your hellwing hits the iron golem. x2
The ancient champion casts a spell at you.
The entropic shot hits you!!
You die...
Your body crumbles into a pile of gold.

▓▓▓▓▓▓▓ ▓▓▓▓▓▓▓▓▓▓
_8_8_8▓
(....8©8......▓.....8©8.
.)).._▓
...)$::[[=◎$).(▓..=[}..|.
.....8▓
..[[|)$}||=$)..▓...).|[))
....._▓
...............▓.........
.....8▓
.....$..$......▓.........
.◎..._▓
......z$2.$....▓.....=...
.....8▓
.....$9$zz4....▓.........
....._▓
.......4@......▓.........
.....8▓
.......$.......▓.........
....._▓
...............▓..▓......
.....8▓
...............▓.........
....._▓
...▓.......▓...▓.........
_8_8_8▓
...............▓......©..
▓▓▓▓▓▓▓
...............▓▓▓▓▓▓▓▓▓▓
.......©.......▓M....8©8M
▓▓▓▓▓▓▓▓▓▓▓▓▓▓▓▓..|)):.[[


You could see an iron golem (distracted, ally target), 3 ancient champions, a
tormentor, a friendly orange demon (summoned) and a friendly hellwing
(summoned).

Vanquished Creatures
  5 caustic shrikes (D)
  4 ancient champions (D)
  A tentacled starspawn (D)
  An iron dragon (D)
  A very ugly thing (D)
  3 war gargoyles (D)
  2 merfolk javelineers (D)
  2 merfolk impalers (D)
  An anaconda (shapeshifter) (D)
  A merfolk avatar (D)
  A spriggan berserker (D)
  A dancing weapon (D)
  A deep elf knight (D)
  A skyshark (D)
  A spriggan druid (D)
  A deep elf archer (D)
  4 deep elf zephyrmancers (D)
  An elephant (D)
  A manticore (D)
  2 shining eyes (D)
  A starcursed mass (D)
  A black mamba (D)
  A black mamba (shapeshifter) (D)
  A cane toad (D)
  A rime drake (D)
  A komodo dragon (D)
  2 tormentors (D)
  An ice devil (D)
  A guardian mummy (D)
  A queen bee (shapeshifter) (D)
  A hornet (D)
  2 merfolk (D)
  A tarantella (shapeshifter) (D)
  A wind drake (D)
  A snapping turtle (shapeshifter) (D)
  8 spriggans (D)
  A flying skull (D)
  A spriggan (shapeshifter) (D)
  2 yaks (D)
  A water elemental (D)
  3 basilisks (D)
  A redback (shapeshifter) (D)
  A large abomination (D)
  A water moccasin (D)
  2 black bears (D)
  7 wolves (D)
  2 scorpions (D)
  A crimson imp (D)
  A jelly (D)
  A quasit (D)
  An iron imp (D)
  An orc priest (D)
  An orc wizard (D)
  A shadow imp (D)
  A white imp (D)
  An adder zombie (D)
  A bat skeleton (D)
  A jackal (D)
  A starspawn tentacle (D)
94 creatures vanquished.

Vanquished Creatures (collateral kills)
  2 quicksilver elementals (D)
  3 iron dragons (D)
  An iron golem (D)
  A satyr (D)
  A merfolk aquamancer (D)
  A shock serpent (shapeshifter) (D)
  2 crystal echidnas (D)
  A swamp dragon (shapeshifter) (D)
  A harpy (D)
  A manticore (D)
  2 ugly things (D)
  A shining eye (D)
  A worldbinder (D)
  A merfolk siren (D)
  2 water nymphs (D)
  A hellion (D)
  A rime drake (D)
  A polar bear (D)
  A polar bear (shapeshifter) (D)
  3 wind drakes (D)
  A wind drake (shapeshifter) (D)
  A tarantella (D)
  A snapping turtle (D)
  A jumping spider (shapeshifter) (D)
  3 air elementals (D)
  2 flying skulls (D)
  A slime creature (D)
  A wyvern (D)
  An earth elemental (D)
  A scorpion (D)
  A small abomination (D)
  A crimson imp (D)
  A quasit (D)
  2 jellies (D)
  An orc priest (D)
  2 starcursed masses (D)
  2 iron imps (D)
  5 mummies (D)
  A white imp (D)
  An ufetubus (D)
  An adder skeleton (D)
  A jackal (D)
  A ball python simulacrum (D)
  A starspawn tentacle (D)
62 creatures vanquished.

Vanquished Creatures (others)
  2 ancient champions (D)
  2 war gargoyles (D)
  A mummy priest (D)
  2 merfolk javelineers (D)
  A merfolk aquamancer (D)
  A spriggan air mage (D)
  An orb spider (shapeshifter) (D)
  A smoke demon (D)
  A hellion (D)
  A guardian mummy (D)
  3 wind drakes (D)
  A blink frog (shapeshifter) (D)
  A spriggan (shapeshifter) (D)
  An air elemental (D)
  A mummy (D)
  A shadow imp (D)
  An adder simulacrum (D)
  11 starspawn tentacles (D)
33 creatures vanquished.

Grand Total: 189 creatures vanquished

Notes
Turn   | Place    | Note
-------+----------+-------------------------------------------
     0 | D        | bmack86 the Minotaur Fighter began the quest for the Orb.
     0 | D        | Reached XP level 1. HP: 19/19 MP: 0/0
     0 | D        | Found a blossoming altar of Fedhas.
     0 | D        | Found the +6 Majin-Bo {spellvamp, MP+6 Int+6}
     0 | D        | Found the +27 heavy crossbow "Sniper" {heavy, Acc+∞ SInv}
     0 | D        | Found the +10 dark maul {heavy}
     0 | D        | Found the +15 Maxwell's patent armour {-Cast -Tele rElec
                  | Will+ rCorr}
     0 | D        | Found the +18 shield of the Gong {Loud rN+ Will+ rCorr
                  | EV-5}
     0 | D        | Found the +16 obsidian axe {drain, demonic, Mesm Drain Fly
                  | SInv}
     0 | D        | Found the +7 great mace "Firestarter" {flame, immolate,
                  | rFlCloud rF++}
     0 | D        | Found the +6 shillelagh "Devastator" {shatter}
     0 | D        | Found the +11 plutonium sword {Contam Stlth-}
     0 | D        | Found the +8 lance "Wyrmbane" {slay drac, rPois rF+ rC+
                  | AC+3}
     0 | D        | Found the +9 sword of Zonguldrok {reap}
     0 | D        | Found the +13 scythe of Curses {drain, curses, Drain}
     0 | D        | Found the +9 sword of Power {lifebolt}
     0 | D        | Found the +7 mace of Variability {chaos, chaos arc}
     0 | D        | Found the +11 Singing Sword {sonic wave}
     0 | D        | Found the +8 storm bow {elec, penet}
     1 | D        | Found a shimmering blue altar of Sif Muna.
     1 | D        | Found a sacrificial altar of Ru.
     1 | D        | Found a bloodstained altar of Trog.
     1 | D        | Found a stormy altar of Qazlal.
     1 | D        | Found an iron altar of Okawaru.
     1 | D        | Found a sparkling altar of Nemelex Xobeh.
     3 | D        | Found a transporter.
     3 | D        | Found an ancient bone altar of Kikubaaqudgha.
     3 | D        | Found a viscous altar of Jiyva.
     3 | D        | Found a corrupted altar of Lugonu.
     3 | D        | Found a hazy altar of Hepliaklqana.
     3 | D        | Found a burning altar of Makhleb.
     3 | D        | Found an opulent altar of Gozag.
    53 | D        | Became a worshipper of Gozag Ym Sagoz the Greedy
    68 | D        | Reached XP level 2. HP: 26/26 MP: 1/1
    87 | D        | Entered arena 2.
    87 | D        | Found a transporter.
    91 | D        | Reached skill level 1 in Stealth
    91 | D        | Reached skill level 4 in Shields
    91 | D        | Reached XP level 3. HP: 33/33 MP: 2/2
   102 | D        | Entered arena 3.
   102 | D        | Found a transporter.
   106 | D        | Reached skill level 10 in Axes
   106 | D        | Reached XP level 4. HP: 41/41 MP: 3/3
   107 | D        | Reached skill level 5 in Fighting
   107 | D        | Reached skill level 5 in Armour
   108 | D        | Reached skill level 5 in Shields
   114 | D        | Got the ring "Eheon" {Int+5 SInv Stlth+}
   120 | D        | Entered arena 4.
   120 | D        | Noticed a slime creature
   120 | D        | Found a transporter.
   123 | D        | Reached XP level 5. HP: 33/50 MP: 4/4
   123 | D        | Killed a slime creature
   124 | D        | Reached skill level 6 in Shields
   124 | D        | Reached XP level 6. HP: 37/58 MP: 5/5
   196 | D        | Entered arena 5.
   196 | D        | Noticed a tarantella
   196 | D        | Found a transporter.
   199 | D        | Reached skill level 7 in Shields
   199 | D        | Killed a tarantella
   200 | D        | Reached skill level 5 in Stealth
   200 | D        | Reached XP level 7. HP: 67/67 MP: 6/6
   203 | D        | Reached skill level 8 in Shields
   220 | D        | Entered arena 6.
   220 | D        | Noticed a green very ugly thing
   220 | D        | Noticed a large abomination
   220 | D        | Found a transporter.
   224 | D        | Killed a large abomination
   228 | D        | Killed a green very ugly thing
   229 | D        | Reached skill level 15 in Axes
   229 | D        | Reached skill level 9 in Shields
   229 | D        | Reached XP level 8. HP: 79/79 MP: 7/7
   252 | D        | Got Jissucoe's Elucidation of Fateful Hypothermia
   255 | D        | Entered arena 7.
   255 | D        | Found the amulet of Vitality {RegenMP++ Regen++}
   256 | D        | Found a transporter.
   260 | D        | Reached skill level 10 in Fighting
   260 | D        | Reached skill level 10 in Armour
   261 | D        | Reached skill level 10 in Shields
   261 | D        | Reached XP level 9. HP: 86/86 MP: 8/8
   307 | D        | Entered arena 8.
   307 | D        | Noticed a rime drake
   307 | D        | Noticed a rime drake
   307 | D        | Noticed an ice devil
   307 | D        | Noticed a polar bear
   308 | D        | Found a transporter.
   310 | D        | Killed an ice devil
   312 | D        | Killed a polar bear
   312 | D        | Killed a rime drake
   313 | D        | Reached skill level 11 in Shields
   313 | D        | Killed a rime drake
   326 | D        | Got the ring "Circhom" {rPois Str+6 Int-2 Stlth-}
   346 | D        | Entered arena 9.
   346 | D        | Noticed a deep elf knight
   346 | D        | Noticed a deep elf zephyrmancer
   346 | D        | Noticed a deep elf zephyrmancer
   346 | D        | Noticed a deep elf zephyrmancer
   346 | D        | Noticed a +0 vampiric glaive
   346 | D        | Noticed a deep elf zephyrmancer
   346 | D        | Noticed a deep elf archer
   350 | D        | Found a transporter.
   352 | D        | Killed a +0 vampiric glaive
   359 | D        | Killed a deep elf knight
   360 | D        | Reached skill level 12 in Shields
   360 | D        | Reached XP level 10. HP: 89/100 MP: 9/9
   361 | D        | Killed a deep elf zephyrmancer
   363 | D        | Killed a deep elf zephyrmancer
   363 | D        | Killed a deep elf zephyrmancer
   364 | D        | Reached skill level 13 in Shields
   367 | D        | Killed a deep elf archer
   370 | D        | Killed a deep elf zephyrmancer
   405 | D        | Entered arena 10.
   406 | D        | Found a transporter.
   411 | D        | Reached skill level 14 in Shields
   442 | D        | Entered arena 11.
   442 | D        | Found the +3 crown of Dyrovepreva {rElec Int+2 SInv}
   442 | D        | Noticed a spriggan druid
   442 | D        | Noticed a spriggan rider
   443 | D        | Found a transporter.
   447 | D        | Reached skill level 15 in Fighting
   448 | D        | Reached XP level 11. HP: 112/112 MP: 10/10
   448 | D        | Killed a spriggan druid
   449 | D        | Reached skill level 15 in Armour
   449 | D        | Reached skill level 15 in Shields
   491 | D        | Entered arena 12.
   491 | D        | Noticed a merfolk avatar
   491 | D        | Noticed a merfolk impaler
   491 | D        | Noticed a merfolk javelineer
   491 | D        | Noticed a satyr
   492 | D        | Noticed a merfolk javelineer
   492 | D        | Identified the +3 flail of the Extremely Mad {venom,
                  | Fragile rElec rF+++ rN+}
   492 | D        | Noticed a merfolk impaler
   498 | D        | Killed a merfolk impaler
   499 | D        | Killed a merfolk impaler
   500 | D        | Reached skill level 16 in Shields
   503 | D        | Killed a merfolk javelineer
   504 | D        | Killed a merfolk javelineer
   509 | D        | Killed a merfolk avatar
   514 | D        | Killed a satyr
   515 | D        | Reached skill level 17 in Shields
   551 | D        | Got the Spellbook of Spooky Action
   560 | D        | Got Reis's Treatise on Shadows
   565 | D        | Entered arena 13.
   565 | D        | Noticed a spriggan berserker
   565 | D        | Noticed a skyshark
   566 | D        | Noticed a spriggan air mage
   567 | D        | Noticed a death yak
   567 | D        | Found a transporter.
   572 | D        | Killed a skyshark
   575 | D        | Killed a spriggan berserker
   576 | D        | Reached skill level 18 in Shields
   576 | D        | Reached XP level 12. HP: 128/128 MP: 11/11
   596 | D        | Got the ring "Marucw" {Wiz Dex+4}
   606 | D        | Got the ring of Tumpoaxt {rPois Dex+2}
   610 | D        | Got the Papyrus of Jinxing and Shapes
   615 | D        | Entered arena 14.
   616 | D        | Noticed a war gargoyle
   616 | D        | Noticed a caustic shrike
   616 | D        | Noticed a war gargoyle
   616 | D        | Noticed an ancient champion
   616 | D        | Noticed a caustic shrike
   616 | D        | Found the +3 Elemental Staff {rElec rF+ rC+ AC+3}
   616 | D        | Noticed an iron dragon
   617 | D        | Noticed a caustic shrike
   617 | D        | Noticed an ancient champion
   617 | D        | Noticed a caustic shrike
   617 | D        | Noticed an iron dragon
   617 | D        | Noticed an iron golem
   622 | D        | Killed an ancient champion
   624 | D        | Killed a caustic shrike
   624 | D        | Killed a caustic shrike
   625 | D        | Reached skill level 19 in Shields
   625 | D        | Killed a war gargoyle
   629 | D        | Killed a caustic shrike
   630 | D        | Killed an iron dragon
   631 | D        | Killed a war gargoyle
   631 | D        | Killed a caustic shrike
   641 | D        | Killed an iron dragon
   642 | D        | Reached skill level 20 in Shields
   642 | D        | Found a transporter.
   644 | D        | Killed an iron golem
   706 | D        | Entered arena 15.
   707 | D        | Noticed a merfolk aquamancer
   707 | D        | Noticed a merfolk javelineer
   707 | D        | Noticed a merfolk impaler
   708 | D        | Noticed a merfolk aquamancer
   708 | D        | Identified the ring of Ilifig {rCorr Str+3 Dex-5 Slay+2}
   708 | D        | Noticed a merfolk javelineer
   713 | D        | Killed a merfolk aquamancer
   713 | D        | Killed a merfolk javelineer
   745 | D        | Got the Textbook on Despair
   767 | D        | Entered arena 16.
   768 | D        | Noticed a spriggan air mage
   768 | D        | Noticed a spriggan air mage
   769 | D        | Noticed a spriggan air mage
   769 | D        | Noticed a spriggan air mage
   769 | D        | Found the +10 tower shield of Ignorance {rN+ Int-4}
   769 | D        | Paralysed by an air elemental for 1 turns
   770 | D        | Found a transporter.
   771 | D        | Reached XP level 13. HP: 143/143 MP: 12/12
   773 | D        | Reached skill level 21 in Shields
   773 | D        | Paralysed by an air elemental for 1 turns
   843 | D        | Entered arena 17.
   846 | D        | Noticed a starcursed mass
   846 | D        | Noticed a tentacled starspawn
   849 | D        | Found a transporter.
   851 | D        | Paralysed by accursed screaming for 1 turns
   856 | D        | Paralysed by accursed screaming for 1 turns
   865 | D        | Got the ring "Ecveidghe" {Fire Will++ Stlth+}
   893 | D        | Got the Directory of Imprecation
   929 | D        | Entered arena 18.
   932 | D        | Noticed a mummy priest
   933 | D        | Noticed a jiangshi
   933 | D        | Noticed a royal mummy
   933 | D        | Noticed a mummy priest
   934 | D        | Noticed a jiangshi
   935 | D        | Found a transporter.
   946 | D        | Noticed a jiangshi
   946 | D        | Killed a mummy priest
  1024 | D        | Entered arena 19.
  1031 | D        | Reached skill level 22 in Shields
  1032 | D        | Found a transporter.
  1032 | D        | Gained mutation: You have an increased reservoir of magic.
                  | (+10% MP) [a shining eye]
  1033 | D        | Paralysed by a floating eye for 3 turns
  1035 | D        | Gained mutation: You occasionally lose the ability to read
                  | scrolls when taking damage. [a shining eye]
  1045 | D        | Reached skill level 23 in Shields
  1117 | D        | Got Sif Muna's Precepts of Petrified Heat
  1125 | D        | Entered arena 20.
  1130 | D        | Noticed a war gargoyle
  1130 | D        | Noticed an ancient champion
  1130 | D        | Noticed a war gargoyle
  1130 | D        | Noticed a quicksilver elemental
  1130 | D        | Noticed an iron dragon
  1130 | D        | Noticed a caustic shrike
  1130 | D        | Noticed an ancient champion
  1130 | D        | Noticed an iron dragon
  1130 | D        | Noticed a quicksilver elemental
  1130 | D        | Noticed a war gargoyle
  1131 | D        | Reached skill level 24 in Shields
  1132 | D        | Identified the ring "Esougiwk" {Fly rN+}
  1132 | D        | Noticed an ancient champion
  1132 | D        | Noticed an iron golem
  1132 | D        | Noticed an ancient champion
  1132 | D        | Noticed an ancient champion
  1132 | D        | Noticed an ancient champion
  1132 | D        | Noticed an ancient champion
  1132 | D        | Found the ring of the Hare {EV+10}
  1133 | D        | Found a transporter.
  1134 | D        | Killed a quicksilver elemental
  1136 | D        | Killed a war gargoyle
  1138 | D        | Killed a caustic shrike
  1138 | D        | Killed an iron dragon
  1139 | D        | Killed a quicksilver elemental
  1139 | D        | Killed an iron dragon
  1140 | D        | Reached skill level 25 in Shields
  1141 | D        | Killed a tentacled starspawn
  1145 | D        | Killed an ancient champion
  1146 | D        | Killed a war gargoyle
  1148 | D        | Killed an ancient champion
  1149 | D        | Killed an ancient champion
  1152 | D        | Killed a war gargoyle
  1154 | D        | Killed an ancient champion
  1155 | D        | Reached skill level 26 in Shields
  1157 | D        | Killed from afar by an ancient champion

Illustrated notes

Levels and vault maps discovered:
D:        sprint_v [room_start, room_1, room_2, room_3, room_4, room_5, room_6,
          room_7, room_8, room_9, room_10, room_11, room_12, room_13, room_14,
          room_15, room_16, room_17, room_18, room_19, room_20, room_21,
          room_22, room_23, room_24, room_25, room_26, room_27]

Skill      XL: |  1  2  3  4  5  6  7  8  9 10 11 12 13 |
---------------+----------------------------------------+-----
Axes           | 9 10 11 12 13 15 16 18 20 | 20.1
Fighting       | 4 5 6 7 9 10 12 15 18 21 23 | 23.1
Armour         | 4 5 6 7 9 10 12 14 18 20 22 | 22.8
Stealth        | 1 3 4 5 6 |  6.6
Shields        | 4 5 6 7 9 10 12 14 18 20 26 | 26.0

Action                     |  1- 3 |  4- 6 |  7- 9 | 10-12 | 13-15 || total
---------------------------+-------+-------+-------+-------+-------++-------
  Melee: Broad axe         |     3 |     5 |    20 |    67 |    56 ||   151
         Headbutt          |       |       |     2 |    17 |    19 ||    38
  Throw: Javelin           |       |       |       |     1 |     2 ||     3
 Invoke: Bribe Branch      |       |       |       |     1 |     2 ||     3
  Evoke: Wand              |       |       |       |     1 |       ||     1
    Use: Potion            |     1 |       |     4 |     5 |     3 ||    13
         Scroll            |       |       |       |     1 |     1 ||     2
   Stab: Distracted        |       |       |       |     2 |     4 ||     6
 Armour: Plate armour      |     4 |     1 |     5 |    44 |    23 ||    77
  Dodge: Dodged            |       |       |     1 |     9 |     1 ||    11
  Block: Kite shield       |     5 |     8 |    34 |    95 |    58 ||   200

Table legend: (Time is in decaauts)
 A = Elapsed time spent in this place.
 B = Non-inter-level travel time spent in this place.
 C = Inter-level travel time spent in this place.
 D = Time resting spent in this place.
 E = Time spent auto-exploring this place.
 F = Levels seen in this place.
 G = Mean time per level.
                   A        B        C        D        E       F      G
               +--------+--------+--------+--------+--------+-----+--------+
         Total |   1109 |   1109 |      0 |     49 |     18 |   1 | 1109.0 |
       Dungeon |   1109 |   1109 |      0 |     49 |     18 |   1 | 1109.0 |
               +--------+--------+--------+--------+--------+-----+--------+

Top non-repeatable levels by time:
       D: 1109 daAuts
